AoeStats
← Vaplis

Lombardia

509177649Analyzed
2v2 RM · 6d ago on Sep 25, 2026· 46m 16s· 4 players
Game mode
Random Map
Map size
Medium (4 player)
Population
200
Speed
Normal
Resources
Standard
Victory
Conquest
Starting age
Dark Age
Ending age
Imperial Age
RankedLock teamsTeams togetherTeam positionsShared explorationLock speedFull tech treeHidden civsTurbo modeCheats
Victory
Defeat
🇱🇹 Hindustanis · Lithuania
1144
+15
🇱🇹 Vikings · Lithuania
1011
+21
🇺🇸 Mongols · United States
1122
-18
🇺🇸 Britons · United States
1113
-18
Vaplis
11:42 Feudal Age
16:13 Castle Age
14:04 Double-Bit Axe
15:11 Horse Collar
15:17 Loom
17:40 Bow Saw
20:42 Scale Barding Armor
24:28 Heavy Plow
25:37 Town Watch
28:06 Forging
28:42 Husbandry
30:47 Iron Casting
31:10 Chain Barding Armor
31:54 Wheelbarrow
33:24 Bloodlines
33:43 Hand Cart
33:29 Town Patrol
34:48 Light Cavalry
35:31 Padded Archer Armor
35:21 Fletching
38:20 Imperial Age
36:46 Ballistics
40:07 Chemistry
38:28 Heavy Camel Rider
38:30 Hussar
39:47 Plate Barding Armor
40:13 Blast Furnace
40:03 Leather Archer Armor
44:10 Conscription
44:22 Grand Trunk Road
46:11 Ring Archer Armor
stasaitis
9:36 Loom
11:31 Feudal Age
15:26 Castle Age
13:46 Double-Bit Axe
13:56 Horse Collar
17:47 Squires
17:32 Arson
17:56 Scale Mail Armor
19:25 Bow Saw
20:16 Heavy Plow
20:52 Arson
22:39 Town Watch
22:48 Fletching
23:11 Stone Mining
23:24 Gold Mining
24:50 Chain Mail Armor
25:07 Forging
27:28 Iron Casting
26:50 Bodkin Arrow
27:01 Scale Barding Armor
28:49 Gold Shaft Mining
29:13 Chieftains
34:39 Chain Barding Armor
34:38 Masonry
34:50 Ballistics
34:41 Fortified Wall
34:26 Murder Holes
34:12 Treadmill Crane
38:57 Imperial Age
41:16 Conscription
40:19 Elite Berserk
41:37 Hoardings
41:35 Architecture
41:11 Siege Engineers
42:07 Chemistry
41:39 Plate Mail Armor
42:09 Blast Furnace
42:14 Elite Varangian Guard
44:33 Padded Archer Armor
44:41 Bracer
44:57 Caravan
45:06 Town Patrol
ChasinTail
9:07 Feudal Age
9:12 Loom
9:35 Double-Bit Axe
19:37 Castle Age
18:38 Wheelbarrow
21:29 Bow Saw
21:54 Horse Collar
24:40 Forging
26:49 Stone Mining
28:42 Hand Cart
29:13 Town Watch
29:38 Heavy Plow
31:01 Bloodlines
34:13 Imperial Age
33:03 Stone Shaft Mining
32:18 Gold Mining
34:50 Fletching
35:01 Padded Archer Armor
34:31 Light Cavalry
36:40 Gold Shaft Mining
37:09 Town Patrol
37:27 Bodkin Arrow
37:38 Scale Barding Armor
38:22 Bracer
40:15 Chain Barding Armor
40:11 Leather Archer Armor
40:06 Forging
40:54 Hussar
43:29 Conscription
43:24 Husbandry
44:19 Iron Casting
PuddingSmasher32
7:23 Loom
10:09 Feudal Age
17:43 Castle Age
16:23 Double-Bit Axe
16:56 Horse Collar
18:14 Crossbowman
19:44 Fletching
21:01 Gold Mining
22:26 Bow Saw
25:48 Wheelbarrow
26:54 Bodkin Arrow
28:33 Man-at-Arms
30:26 Pikeman
33:59 Long Swordsman
35:49 Scale Mail Armor
40:04 Imperial Age
38:51 Chain Mail Armor
39:12 Town Watch
39:58 Forging
39:38 Gambesons
39:53 Squires
41:40 Plate Mail Armor
40:33 Two-Handed Swordsman
42:42 Iron Casting
42:39 Champion
42:42 Arbalester
46:06 Chemistry
46:31 Bracer
Connection lost

Rejoining the realm…

Still unreachable

The connection could not be restored.

Session expired

The server has moved on; the page needs a fresh start.